 Dungeon Crawl Stone Soup version 0.19.1-1-g22dce08 (webtiles) character file.

83 RedPan the Chopper (level 4, 0/35 HPs)
             Began as a Formicid Fighter on Dec 29, 2016.
             Was a Follower of Cheibriados.
             Slain by Ijyb
             ... wielding a +0 club
              (3 damage)
             ... on level 2 of the Dungeon.
             The game lasted 00:03:18 (1307 turns).

RedPan the Chopper (Formicid Fighter)               Turns: 1307, Time: 00:03:19

Health: 0/35       AC:  9    Str: 22    XL:     4   Next: 71%
Magic:  4/4        EV:  8    Int: 10    God:    Cheibriados [*.....]
Gold:   107        SH:  9    Dex: 13    Spells: 0 memorised, 3 levels left

rFire  . . .     SeeInvis +     a - +0 war axe
rCold  . . .     Gourm    .     b - +0 scale mail
rNeg   . . .     Faith    .     c - +0 shield
rPois  .         Spirit   .     (helmet unavailable)
rElec  .         Reflect  .     (no cloak)
rCorr  .         Harm     .     q - +0 pair of gloves
MR     .....                    i - +0 pair of boots
Stlth  ..........               (no amulet)
                                (no ring)
                                (no ring)

@: very slow
A: permanent stasis, dig shafts and tunnels, four strong arms, antennae 3
a: Dig, Shaft Self, Bend Time, Renounce Religion


You were on level 2 of the Dungeon.
You worshipped Cheibriados.
Cheibriados was aware of your devotion.
You were not hungry.

You visited 1 branch of the dungeon, and saw 2 of its levels.

You collected 107 gold pieces.

Inventory:

Hand Weapons
 a - a +0 war axe (weapon)
Armour
 b - a +0 scale mail (worn)
 c - a +0 shield (worn)
 i - a +0 pair of boots (worn)
 q - a +0 pair of gloves (worn)
Scrolls
 e - a scroll of recharging {unknown}
 g - a scroll of fog {unknown}
 j - 2 scrolls of amnesia {unknown}
 k - 2 scrolls of identify {unknown}
 m - a scroll of teleportation {unknown}
 o - a scroll of enchant armour {unknown}
 r - a scroll of remove curse {unknown}
 s - a scroll of random uselessness {unknown}
 t - a scroll of blinking {unknown}
 v - a scroll of noise {unknown}
Potions
 d - a potion of might
 h - a potion of degeneration {unknown}
 l - 5 potions of curing
 n - a potion of flight {unknown}
 p - a potion of lignification {unknown}
Comestibles
 f - 4 bread rations
 u - 6 chunks of flesh


   Skills:
 - Level 3.2 Fighting
 + Level 4.5 Axes
 - Level 3.2 Armour
 - Level 3.6 Shields


You had 3 spell levels left.
You didn't know any spells.

Dungeon Overview and Level Annotations

Branches:
Dungeon (2/15)

Altars:
Cheibriados
Okawaru

Annotations:
D:2 Ijyb


Innate Abilities, Weirdness & Mutations

You are under a permanent stasis effect.
You can dig through walls and to a lower floor.
Your four strong arms can wield two-handed weapons with a shield.
You have a pair of large antennae on your head. (SInv)


Message History

You retract your mandibles.
You barely miss Ijyb.
Ijyb is lightly wounded.
You barely miss the goblin. The goblin hits you but does no damage.
Ijyb hits you but does no damage.
You closely miss Ijyb.
Ijyb is lightly wounded.
You barely miss the goblin. The goblin hits you but does no damage.
Ijyb closely misses you. The goblin hits you but does no damage.
It was a potion of curing.
You feel better. You block Ijyb's attack.
The goblin hits you but does no damage.
You closely miss the goblin. You barely miss Ijyb.
Ijyb zaps a wand.
The puff of flame hits you!
* * * LOW HITPOINT WARNING * * *
The goblin barely misses you.
You hit the goblin.
The goblin is moderately wounded.
You closely miss Ijyb.
Ijyb zaps a wand.
The puff of flame hits you!
* * * LOW HITPOINT WARNING * * *
The goblin hits you but does no damage. Ijyb hits you with a club.
You die...

... #.).).#..#+#.....#
#+.##.._..##...'.....#
#...#.).).#..#.#(...##
#............#.#....#
#.#...###....#.######
#.(...)#...#.#.#
#...))....#.#.#
8.8..##g..>.#.#.# ...
#@gg######## . ###.#
#..# #### {


You could see Ijyb and 2 goblins.

Vanquished Creatures
  Robin (D:2)
  2 adders (D:2)
  2 dart slugs
  A leopard gecko (D:1)
  4 giant cockroaches
  18 goblins
  5 hobgoblins
  2 jackals (D:2)
  4 bats (D:1)
  3 frilled lizards (D:1)
  5 kobolds
  4 rats
51 creatures vanquished.

Notes
Turn   | Place    | Note
-------+----------+-------------------------------------------
     0 | D:1      | RedPan the Formicid Fighter began the quest for the Orb.
     0 | D:1      | Reached XP level 1. HP: 18/18 MP: 1/1
   111 | D:1      | Reached XP level 2. HP: 24/24 MP: 2/2
   198 | D:1      | Reached skill level 3 in Axes
   315 | D:1      | Reached XP level 3. HP: 25/29 MP: 3/3
   944 | D:2      | Found a snail-covered altar of Cheibriados.
   978 | D:2      | Became a worshipper of Cheibriados the Contemplative
  1073 | D:2      | Noticed Robin
  1075 | D:2      | Reached XP level 4. HP: 35/35 MP: 4/4
  1075 | D:2      | Reached skill level 4 in Axes
  1115 | D:2      | Killed Robin
  1268 | D:2      | Found an iron altar of Okawaru.
  1290 | D:2      | Reached * piety under Cheibriados
  1291 | D:2      | Noticed Ijyb
  1307 | D:2      | Slain by Ijyb

Skill      XL: |  1  2  3  4 |
---------------+-------------+-----
Axes           | 3 4 |  4.5
Fighting       | |  3.2
Armour         | |  3.2
Shields        | |  3.6

Action                   |  1- 3 |  4- 6 || total
-------------------------+-------+-------++-------
Melee: War axe           |    90 |    45 ||   135
 Abil: Dig               |       |     1 ||     1
  Use: Potion            |       |     1 ||     1
  Eat: Chunk             |       |     2 ||     2
Armor: Scale mail        |    51 |    30 ||    81
Dodge: Dodged            |    34 |    16 ||    50
Block: Shield            |    47 |    28 ||    75
